 Dungeon Crawl Stone Soup version 0.22-a0-86-g94e0ad4 (console) character file.

28 Evablue the Skirmisher (level 3, -1/34 HPs)
             Began as a Naga Fighter on Jan 20, 2018.
             Slain by a jackal (3 damage)
             ... on level 1 of the Dungeon.
             The game lasted 00:01:32 (744 turns).

Evablue the Skirmisher (Naga Fighter)                Turns: 744, Time: 00:01:33

Health: -1/34      AC:  4    Str: 18 (19) XL:     3   Next: 12%
Magic:  3/3        EV:  5    Int:  6 (8)  God:
Gold:   27         SH:  8    Dex:  9 (10) Spells: 2/2 levels left

rFire    . . .     SeeInvis +   a - +0 flail
rCold    . . .     Gourm    .   c - +0 shield
rNeg     . . .     Faith    .   b - +0 scale mail
rPois    +         Spirit   .   (no helmet)
rElec    .         Reflect  .   (no cloak)
rCorr    .         Harm     .   (no gloves)
MR       .....                  (no barding)
Stlth    ..........             (no amulet)
HPRegen  0.11/turn              (no ring)
MPRegen  0.08/turn              (no ring)

@: short of breath, very slow
A: large, see invisible, deformed body, poison resistance, slowness 2, slow
metabolism 1, spit poison 1, AC +1
a: Spit Poison


You were on level 1 of the Dungeon.
You were not hungry.

You visited 1 branch of the dungeon, and saw 1 of its levels.

You collected 27 gold pieces.

Inventory:

Hand Weapons
 a - a +0 flail (weapon)
Armour
 b - a +0 scale mail (worn)
 c - a +0 shield (worn)
Scrolls
 e - a scroll of identify {unknown}
 g - a scroll of remove curse {unknown}
 h - a scroll of magic mapping {unknown}
 i - a scroll of enchant armour {unknown}
Potions
 d - 2 potions of might
Comestibles
 f - a ration


   Skills:
 + Level 3.1 Fighting
 + Level 2.2 Maces & Flails
 + Level 2.9 Armour
 + Level 0.1 Dodging
 + Level 2.6 Shields


You had 2 spell levels left.
You didn't know any spells.

Dungeon Overview and Level Annotations

Branches:
Dungeon (1/15)

Altars:


Innate Abilities, Weirdness & Mutations

You cannot wear boots.
Your serpentine skin is tough. (AC +1)
You have supernaturally acute eyesight. (SInv)
Armour fits poorly on your strangely shaped body.
Your system is resistant to poisons. (rPois)
You cover ground very slowly.
You have a slow metabolism.
You can spit poison.


Message History

Okay, then.
You closely miss the kobold.
You have got your breath back.
You block the kobold's attack.
Press: ? - help, Shift-Dir - straight line, f/p - kobold
Aim: a kobold, wielding a whip The splash of poison hits the kobold.
You kill the kobold!
You feel slightly more hungry.
You closely miss the jackal. The jackal barely misses you.
You block the jackal's attack.
Your shield and scale mail prevent you from hitting the jackal.
The jackal bites you.
* * * LOW HITPOINT WARNING * * *
The jackal barely misses you.
It was a potion of degeneration.
There was something very wrong with that liquid.
You feel weakened.
You feel dopey.
You feel clumsy. The jackal bites you.
You die...

#..# ####.# #..##....# # #.
#####...÷######## #.
..####...÷..#... ###.
#.###..####÷.... #...
####......## ###.## ...
......###..# #.## ..
###.#####........#####.##
.#.#..wglKh@................
.......g#######...#..###..##
........##......####..##.###
....###.##.##########....###
.....##K##.# #.......##.
....g..hKh..# #####....
......#g(..## #.)......
..... #..#.# #.######.
.g....#..#.# #.# ##.


You could see a dart slug, a leopard gecko, a jackal, 2 hobgoblins and a kobold.

Vanquished Creatures
  A dart slug (D:1)
  A leopard gecko (D:1)
  A giant cockroach (D:1)
  2 goblins (D:1)
  2 hobgoblins (D:1)
  8 jackals (D:1)
  2 frilled lizards (D:1)
  4 kobolds (D:1)
21 creatures vanquished.

Notes
Turn   | Place    | Note
-------+----------+-------------------------------------------
     0 | D:1      | Evablue the Naga Fighter began the quest for the Orb.
     0 | D:1      | Reached XP level 1. HP: 21/21 MP: 1/1
    97 | D:1      | Reached XP level 2. HP: 4/28 MP: 2/2
   730 | D:1      | Reached XP level 3. HP: 10/34 MP: 3/3
   744 | D:1      | Slain by a jackal

Vault maps used:
D:1:      lightli_arrival_statue_moat

Action                   || total
-------------------------++-------
Melee: Flail             ||    67
 Abil: Spit Poison       ||    11
  Use: Potion            ||     1
Armor: Scale mail        ||    46
Dodge: Dodged            ||    26
Block: Shield            ||    43

Table legend:
 A = Spawn XP
 B = Non-spawn XP
 C = Spawn XP percentage of total XP
 D = Spawn monster count
 E = Non-spawn monster count
 F = Spawn count percentage of total count
 G = Total turns spent on level
                    A         B        C        D         E        F      G
               +---------+---------+-------+---------+---------+-------+---------
         Total |       0 |      40 |   0.0 |       0 |      21 |   0.0 |   744
               +---------+---------+-------+---------+---------+-------+---------
           D:1 |       0 |      40 |   0.0 |       0 |      21 |   0.0 |   744
               +---------+---------+-------+---------+---------+-------+---------
